Cogmind - Beta 14 @@@ ROGUE MODE // 2024.11.26 @ 00:20:11 Player: Ae Result: Destroyed by GA-9MD(R) with Subdweller Shrapnel Launcher Performance ------------- Evolutions (0) 0 Regions Visited (2) 400 Robots Destroyed (34) 170 Value Destroyed (691) 691 Prototype IDs (2) 40 Alien Tech Used (0) 0 Bonus (0) 0 TOTAL SCORE: 1301 Bonus ------- None Cogmind --------- Core Integrity 0/250 Matter 300/300 Energy 116/125 System Corruption 0% Temperature Cool (0) Movement Core (300) Ox5 Location -10/Subcaves Parts ------- > --- POWER (1) -------- Light Ion Engine > --- PROPULSION (2) --- Subdweller Monowheel > --- UTILITY (2) ------ Medium Storage Unit Structural Scanner > --- WEAPON (2) ------- Subdweller Laser > --- INVENTORY (10) --- Light Treads Subdweller Monowheel High-capacity Matter Pod (200) Scrap Shield Peak State ------------ > --- POWER ------------ Subdweller Power Source > --- PROPULSION ------- Light Treads Subdweller Monowheel > --- UTILITY ---------- Medium Storage Unit Light Armor Plating > --- WEAPON ----------- EM Pulse Gun Battle Rifle > --- INVENTORY -------- Light Ion Engine Light Treads Light Treads Subdweller Monowheel High-capacity Matter Pod Structural Scanner Scrap Shield EM Pulse Gun Subdweller Laser [Rating: 11] Favorites ----------- Power Ion Engine Engine Ion Engine Propulsion Light Treads Treads Light Treads Wheel Subdweller Monowheel Utility Medium Storage Unit Device Structural Scanner Storage Medium Storage Unit Protection Light Armor Plating Weapon Assault Rifle Energy Gun EM Pulse Gun Ballistic Gun Assault Rifle Launcher Grenade Launcher Build | -11 -10 -10 ------- Run | Yrd Mat Sub Slots Evolved . | . . . Power . | . . . Propulsion . | . . . Utility . | . . . Weapon . | . . . Parts Attached 37 | 6 20 11 Power 4 | 1 1 2 Engine 4 | 1 1 2 Core . | . . . Reactor . | . . . Propulsion 10 | 2 6 2 Treads 9 | 2 6 1 Leg . | . . . Wheel 1 | . . 1 Hover . | . . . Flight . | . . . Utility 6 | 1 3 2 Device 3 | . 2 1 Storage 2 | 1 1 . Processor . | . . . Hackware . | . . . Protection 1 | . . 1 Artifact . | . . . Weapon 17 | 2 10 5 Energy Gun 5 | 1 . 4 Energy Cannon . | . . . Ballistic Gun 9 | 1 7 1 Ballistic Cannon . | . . . Launcher 3 | . 3 . Special Weapon . | . . . Impact Weapon . | . . . Slashing Weapon . | . . . Piercing Weapon . | . . . Special Melee Weapon . | . . . Unidentified Prototypes . | . . . Parts Lost 8 | . 1 7 Power 1 | . . 1 Propulsion 2 | . . 2 Utility 1 | . . 1 Weapon 4 | . 1 3 Highest Loss Streak 7 | . 1 7 To Critical Strikes . | . . . Average Slot Usage (%) 98 | . 98 98 Engine 14 | . 14 14 Treads 27 | . 28 20 Device 11 | . 12 3 Storage 14 | . 14 14 Protection 1 | . . 10 Energy Gun 2 | . . 16 Ballistic Gun 24 | . 26 10 Peak Build Rating 11 | 6 8 11 Average Rating 7 | 5 7 9 On Entrance 4 | . 6 8 Naked Turns . | . . . Heaviest Build 22 | 14 21 22 Greatest Support 40 | 40 40 40 Greatest Overweight (x) 1 | . . 1 Average Overweight (x) . | . . . Largest Inventory Capacity 10 | 8 10 10 Average Capacity 9 | 7 9 10 Most Carried 10 | 4 10 10 Average Carried 8 | 2 8 9 Final Capacity 10 | 8 10 10 Final Carried 9 | 4 9 5 Class Distribution -------------------- 100% | Mutant Dominant Class ---------------- Mutant | -10/Materials Mutant | -10/Subcaves Resources | -11 -10 -10 ----------- Run | Yrd Mat Sub Matter Collected 1144 | 215 766 163 Remotely . | . . . Salvage Created 1028 | . 782 246 Parts 70 | . 55 15 Haulers Intercepted 2 | . 2 . Recyclers Shooed 1 | . 1 . Parts Field Recycled . | . . . Retrieved Matter . | . . . Parts Self-Destructed 10 | . . 10 Prevented . | . . . Kills | -11 -10 -10 ------- Run | Yrd Mat Sub Combat Hostiles Destroyed 22 | . 17 5 Guns 16 | . 11 5 AOE 6 | . 6 . Classes Destroyed 9 | . 8 1 Builder 2 | . 2 . Tunneler 1 | . 1 . Hauler 2 | . 2 . Recycler 3 | . 3 . Operator 1 | . 1 . Watcher 3 | . 3 . Swarmer 9 | . 9 . Grunt 8 | . 8 . Subdweller 5 | . . 5 Best Kill Streak 9 | . 9 2 Combat Bots Only 6 | . 6 2 Max Kills in Single Turn 2 | . 2 1 Gunslinging . | . . . Exploded 2 | . 2 . Melee . | . . . Uniques/NPCs Destroyed . | . . . Combat | -11 -10 -10 -------- Run | Yrd Mat Sub Hostile Shots Fired 142 | . 81 61 Missed 31 | . 15 16 Damage Taken 1673 | . 636 1037 Core 255 | . 80 175 Absorbed by Shields . | . . . Core Remaining (%) 100 | 100 . . Volleys Fired 81 | . 57 24 Largest 2 | . 2 2 Hottest 80 | . 40 80 Shots Fired 147 | . 107 40 Gun 140 | . 100 40 Cannon . | . . . Launcher 7 | . 7 . Special . | . . . Kinetic 113 | . 100 13 Thermal 5 | . . 5 Explosive 7 | . 7 . Electromagnetic 22 | . . 22 Robot Hit Streak 16 | . 10 16 Robot Miss Streak 4 | . 4 1 Penetration Max . | . . . Secondary Targets 2 | . 1 1 Max Gunslinging Chain 1 | . 1 1 Shots Hit Robots 98 | . 64 34 Core Hits 52 | . 41 11 Critical Kills 2 | . 2 . Critical Parts Destroyed . | . . . Critical Strikes 2 | . 2 . Destroy 2 | . 2 . Melee Attacks . | . . . Impact . | . . . Slashing . | . . . Piercing . | . . . Sneak Attacks . | . . . Combat Hostiles . | . . . Follow-up Attacks . | . . . Damage Inflicted 1536 | . 1203 333 Guns 1162 | . 829 333 Cannons . | . . . Explosions 374 | . 374 . Melee . | . . . Ramming . | . . . Kinetic 930 | . 829 101 Thermal 78 | . . 78 Explosive 374 | . 374 . Electromagnetic 154 | . . 154 Impact . | . . . Slashing . | . . . Piercing . | . . . Highest Corruption . | . . . Average Corruption . | . . . Corruption Purged . | . . . Corruption Blocked . | . . . Overload Shots . | . . . Overflow Damage 10 | . 10 . Projectiles . | . . . Explosions 10 | . 10 . Melee . | . . . Knockbacks . | . . . Impact . | . . . Kinetic . | . . . Secondary . | . . . Self-Inflicted Damage 22 | . 22 . Shots 1 | . 1 . Rammed . | . . . Targets Rammed . | . . . Kicked . | . . . Crushed . | . . . Highest Temperature 20 | . 20 . Average Temperature 7 | . 7 . Received Heat Transfer 321 | . 165 156 Siege Activations . | . . . Robots Corrupted . | . . . Combat Hostiles . | . . . Parts Fried . | . . . Impact Corruptions . | . . . Robots Melted . | . . . Combat Hostiles . | . . . Parts Melted . | . . . Heat Transferred 100 | . . 100 Parts Sabotaged . | . . . Parts Stolen . | . . . Parts Stripped . | . . . Power Chain Reactions . | . . . Alert | -11 -10 -10 ------- Run | Yrd Mat Sub Peak Influence 231 | . 231 . Initial . | . . . Average 74 | . 78 . Maximum Alert Level 1 | . 1 . Low Security (%) 94 | 100 94 . Level 1 5 | . 5 . Level 2 . | . . . Level 3 . | . . . Level 4 . | . . . Level 5 . | . . . High Security . | . . . Max Security . | . . . Squads Dispatched 2 | . 2 . Investigation 1 | . 1 . Extermination . | . . . Reinforcement 1 | . 1 . Assault . | . . . Garrison . | . . . Intercept . | . . . Searches Triggered . | . . . Construction Impeded . | . . . Haulers Reinforced . | . . . Active Scanning Responses . | . . . Cargo Convoy Interrupts . | . . . Stealth | -11 -10 -10 --------- Run | Yrd Mat Sub Distress Signals . | . . . Communications Jammed . | . . . Distress Signals . | . . . Times Spotted 36 | . 24 12 Peak Tracking Total 7 | . 6 7 Tactical Retreats 2 | . 2 . Traps | -11 -10 -10 ------- Run | Yrd Mat Sub Traps Triggered 2 | . 2 . Indirectly . | . . . Trap Hack Attempts . | . . . Triggered . | . . . Disarmed 6 | . 6 . Reprogrammed . | . . . Reused . | . . . Traps Extracted . | . . . Installed . | . . . Triggered . | . . . Machines | -11 -10 -10 ---------- Run | Yrd Mat Sub Machines Disabled . | . . . Max in Single Turn . | . . . Machines Repaired . | . . . Machines Dismantled . | . . . Machines Sabotaged . | . . . Overloaded Fab Kills . | . . . Hacking | -11 -10 -10 --------- Run | Yrd Mat Sub Machines Accessed 10 | . 10 . Terminals 8 | . 8 . Fabricators . | . . . Repair Stations . | . . . Recycling Units 2 | . 2 . Scanalyzers . | . . . Garrison Access . | . . . Total Hacks 37 | . 37 . Successful 26 | . 26 . Failed 11 | . 11 . Catastrophic . | . . . Database Lockouts . | . . . Manual 30 | . 30 . Terminals 30 | . 30 . Fabricators . | . . . Repair Stations . | . . . Recycling Units 7 | . 7 . Scanalyzers . | . . . Garrison Access . | . . . Terminal Hacks 7 | . 7 . Prototype ID Bank 1 | . 1 . Unreport Threat 2 | . 2 . Locate Traps 1 | . 1 . Disarm Traps 1 | . 1 . Zone Layout 2 | . 2 . Fabricator Hacks . | . . . Repair Station Hacks . | . . . Recycling Unit Hacks . | . . . Scanalyzer . | . . . Garrison Access Hacks . | . . . Unauthorized Hacks 19 | . 19 . Terminals 14 | . 14 . Botnet 7 | . 7 . Skim 7 | . 7 . Fabricators . | . . . Repair Stations . | . . . Recycling Units 5 | . 5 . Monitor 1 | . 1 . Reject 1 | . 1 . Recyclers 2 | . 2 . Mask 1 | . 1 . Scanalyzers . | . . . Garrison Access . | . . . Data Cores Recovered . | . . . Used . | . . . Hacking Detections 10 | . 10 . Full Trace Events 1 | . 1 . Feedback Events . | . . . Feedback Blocked . | . . . Robot Schematics Acquired . | . . . Robots Built . | . . . Authchips . | . . . Time . | . . . Total Robot Build Rating . | . . . Part Schematics Acquired . | . . . Parts Built . | . . . Authchips . | . . . Time . | . . . Total Part Build Rating . | . . . Parts Repaired . | . . . Time . | . . . Parts Recycled . | . . . Recycled Matter . | . . . Retrieved Matter . | . . . Retrieved Components . | . . . Parts Scanalyzed . | . . . Part Schematics Acquired . | . . . Parts Damaged . | . . . Bothacking | -11 -10 -10 ------------ Run | Yrd Mat Sub Used RIF Installer . | . . . Robots Hacked . | . . . Non-combat . | . . . Combat . | . . . Robot Hacks Applied . | . . . Relay Couplers Released . | . . . Fabnet Peak Effective % . | . . . Robots Rewired . | . . . Allies Hacked . | . . . Hacks Repelled . | . . . Allies | -11 -10 -10 -------- Run | Yrd Mat Sub Total Allies . | . . . Largest Group . | . . . Highest-Rated Group . | . . . Highest-Rated Ally . | . . . Total Orders . | . . . Ally Attacks . | . . . Total Damage . | . . . Kills . | . . . Allies Corrupted . | . . . Allies Melted . | . . . Intel | -11 -10 -10 ------- Run | Yrd Mat Sub Robot Analysis Total . | . . . Derelict Logs Recovered . | . . . Drone Launches . | . . . Drone Recoveries . | . . . Exploration | -11 -10 -10 ------------- Run | Yrd Mat Sub Turns Passed 2325 | 93 1945 287 Spaces Moved 1222 | 54 1067 101 Core 5 | 5 . . Treads 1217 | 49 1067 101 Legs . | . . . Wheels . | . . . Hover . | . . . Flight . | . . . Fastest Speed 50 | 50 160 160 Average Speed 161 | 149 160 187 Slowest Speed 240 | 160 160 240 Overloaded Moves . | . . . Propulsion Burnouts . | . . . Robots Hopped . | . . . Cave-ins Triggered . | . . . Exploration Rate (%) 37 | 5 99 7 Regions Visited 2 Branch Regions 1 Pre-discovered Areas 1 | . 1 . Known Exits Taken 1 | . 1 . Unknown Exits Taken 1 | 1 . . Scrap Searched . | . . . Spaces Dug . | . . . Terrain Destroyed 61 | . 60 1 Melee . | . . . Projectile 1 | . . 1 AOE 60 | . 60 . Terrain Rammed . | . . . Walls Destroyed . | . . . Machines Disabled . | . . . Actions | -11 -10 -10 --------- Run | Yrd Mat Sub Total 1422 | 63 1197 162 Wait 53 | . 37 16 Move 1220 | 53 1066 101 Hop . | . . . Pick Up 15 | 4 7 4 Fast Attach 13 | 6 6 1 Attach 7 | . 2 5 Detach 2 | . 2 . Swap 17 | . 12 5 Drop 14 | . 8 6 Fire 81 | . 57 24 Melee . | . . . Ram . | . . . Kick . | . . . Crush . | . . . Escape Stasis . | . . . Rewire . | . . . Trap . | . . . Miscellaneous . | . . . Route ------- -11/Scrapyard -10/Materials (discovered 5 exits: *Mat x3 / [*Min] / *Sub) -10/Subcaves (discovered 1 exit: Rec) History --------- Turn | Location | Event 3 | -11/Scrapyard | Discovered new exit (range 15) 94 | -11/Scrapyard | Entered Materials 158 | -10/Materials | Discovered new exit (range 20) 259 | -10/Materials | Discovered new exit (range 15) 306 | -10/Materials | Build established: Mutant 806 | -10/Materials | Discovered new exit (range 12) 1058 | -10/Materials | Discovered new exit (range 15) 1241 | -10/Materials | Learned 2 Mines zone layouts 1246 | -10/Materials | Discovered new exit (range 10) 1299 | -10/Materials | Learned 4 Recycling zone layouts 1348 | -10/Materials | Identified exit to Materials 1348 | -10/Materials | Identified exit to Subcaves 1415 | -10/Materials | Learned location of Subcaves (-10) 1433 | -10/Materials | Learned Storage trap positions 1443 | -10/Materials | Learned Storage terminal intel 1465 | -10/Materials | Learned Storage emergency access door positions 1542 | -10/Materials | Learned Storage emergency access door positions 2039 | -10/Materials | Entered Subcaves 2040 | -10/Subcaves | Identified exit to Recycling 2231 | -10/Subcaves | Ambushed by swarm of Subdwellers 2244 | -10/Subcaves | Core integrity fell below 50% 2302 | -10/Subcaves | Lost 4 allies 2326 | -10/Subcaves | Destroyed by GA-9MD(R) with Subdweller Shrapnel Launcher Last Messages --------------- 02254_ WO-VHW(g) destroyed. 02257_ HW-038(g) destroyed. 02268_ OP-G2A(R) destroyed. 02271_ YE-JZJ(g) destroyed. 02284_ AT-KEK(R) destroyed. 02284_ Switching to secondary target: 5F-GZY(R). 02285_ Sub. Power Source destroyed. 02288_ 5F-GZY(R) affixes Scrap Shield Fragment to Scrap Shield. 02292_ Lgt. Armor Plating destroyed. 02293_ Lgt. Treads destroyed. 02294_ EM Pulse Gun destroyed. 02304_ Battle Rifle destroyed. 02305_ FB-TFG(R) destroyed. 02310_ EM Pulse Gun destroyed. 02314_ 5F-GZY(R) affixes Scrap Shield Fragment to Scrap Shield. 02316_ 5F-GZY(R) destroyed. 02318_ Acquired 49 matter. 02320_ Acquired 20 matter. 02324_ Subatomizers dissect the Sub. Laser. 02324_ Lgt. Treads destroyed. Map ----- +----------------------------------------------------+ | ??????????????? ???????????????????????????????? | | ??????????????# ???????????????????????????????? | | ###????##????# ????????????????????????????????? | | # ????# #??? ????????????????????????????????? | | ##### #??# ????????????????????????????????? | | ### ????????????????????????????????? | | ?????????????????????????????????? | | ? ? ?????????????????????????????????? | | ???# ?????????????????????????????????? | | ## #???# ????#????????????????????????????? | | ## ##???# ##?? #????????????????????????????? | | # ####### ## #????????????????????????????? | | ## #####?# =%" #????????????????????????????? | | ## &### ######% #"" #????????????????????????????? | | ##& & # #%[# " #????????????????????????????? | | # !& = "*"!# "#?????????????????????????????? | | ## ## ["! #???????????????????????????????? | | ## ########## ""##??????????????????????????????? | | ## #####???# " #####???????????????????????????? | | # ####???## " ####??????????????????????????? | | ##???## " ""######??????????????????????? | | ! ##??### "########???????????????????? | | ##??# "## &;;&######??????????????????? | | ###?# "####&!! %; ####?????????????????? | | #######"#?###&=!%;;;;###?????????????????? | | ## ####?###?###;!* @ = ;###????????????????? | | ## "##??????###;; === ; ###???????????????? | | ### "###??????### ;;]= [ ; ##???????????????? | | ###########???????####[%[ ;;##???????????????? | | ############????????#####*% R ;###??????????????? | | ####??????????????????##! % ; ;###?????????????? | | ???????????????????????# ; ##?????????????? | | ???????????????????????# ## ;;###?????????????? | | ??????????????????????? # ;#####?????????????? | | ?????????????????????? ?? ## ###??????????????? | | ????????????????????? ??"#### #???????????????? | | ????????????????????? # ? #####???????????????? | | ???????????????????? ###? ?? ???????????????? | | ???????????????????" ? ????????????????????? | | ???????????????????" #????? ???????????????????? | | ??????????????????? #??????? ???????????????????? | | ???????????????????????????? ???????????????????? | | ????????????????????????????##???????????????????? | | ?????????????????????????????????????????????????? | | ?????????????????????????????????????????????????? | | ?????????????????????????????????????????????????? | | ?????????????????????????????????????????????????? | | ?????????????????????????????????????????????????? | | ?????????????????????????????????????????????????? | | ?????????????????????????????????????????????????? | +----------------------------------------------------+ Best States ------------- Heat Dissipation 25 Energy Generation 10 Energy Capacity 250 Matter Stores 300 Matter Capacity 300 Sight Range 16 Terrain Scan Density 10 Armor Coverage 150 Evasion (%) 40 Recoil Reduction 2 Item Schematics ----------------- None Robot Schematics ------------------ None Fabricated ------------ Nothing Alien Tech Used ----------------- None Achievements -------------- None Challenges ------------ None Game ------ Seed HeartBattleThermoblaster Manual? 0 Play Time 00:21:24 Cumulative 94.1 hours Start 2024.11.25 @ 23:56:17 End 2024.11.26 @ 00:20:11 Sessions 1 Manual Loads 0 Difficulty Rogue Special Mode None Game No. 159 Rogue 131 Adventurer 28 Explorer 0 Win Type - Total 0 Types 0/0/0/0/0/0/0/0/0 Lore% 43 Gallery% 35 Achievement% 33 Wizard Run 0 Options --------- Layout 0 ASCII 0 Keyboard 1 Movement Numpad Keybinds 0 Fullscreen 2 Font 36/Smallcaps Map View 76x50 Zoom Use 0% Tactical HUD 1 Map Filters NONE Filters NONE Steam 1 RUN: 8423ea2d-57fd-4e38-af32-5e1b5f947972